 Dungeon Crawl Stone Soup version 0.14.0-15-g6b16f67 (webtiles) character file.

1280 Qrupt the Spear-Bearer (level 8, -1/60 HPs)
             Began as a Merfolk Gladiator on Apr 17, 2014.
             Was a Believer of Makhleb.
             Slain by an ogre
             ... wielding a +0,+0 giant spiked club
              (30 damage)
             ... on Level 5 of the Dungeon.
             The game lasted 00:20:10 (5334 turns).

Qrupt the Spear-Bearer (Merfolk Gladiator)          Turns: 5334, Time: 00:20:10

HP  -1/60        AC  5     Str 16      XL: 8   Next:  1%
MP   8/8         EV 14     Int 10      God: Makhleb [**....]
Gold 432         SH  0     Dex 16      Spells:  0 memorised,  7 levels left

rFire  . . .     SeeInvis .     a - +0 trident (curse)
rCold  . . .     Clarity  .     b - +0 leather armour (curse)
rNeg   . . .     Conserve .     (no shield)
rPois  .         rCorr    .     y - +0 helmet (curse)
rElec  .         rRot     .     w - +0 cloak (curse)
SustAb . .       Spirit   .     (no gloves)
rMut   .         Warding  .     (no boots)
Saprov . . .     Stasis   .     (no amulet)
MR     .....                    (no ring)
                                k - cursed +3 ring of intelligence

@: not resistant to hostile enchantments, unstealthy
A: change form in water, swift swim
a: Minor Destruction, Renounce Religion


You were on level 5 of the Dungeon.
You worshipped Makhleb.
Makhleb was pleased with you.
You were starving.

You visited 2 branches of the dungeon, and saw 6 of its levels.
You also visited: Sewer and Ossuary.

You collected 432 gold pieces.

Inventory:

Hand weapons
 a - a cursed +0,+0 trident (weapon)
 j - a cursed +0,+0 dagger
 G - a cursed +0,+2 sling of flame
 N - a cursed -3,-2 halberd
Missiles
 d - a throwing net (quivered)
Armour
 b - a cursed +0 leather armour (worn)
 w - a cursed +0 cloak (worn)
 y - a cursed +0 helmet (worn)
Magical devices
 E - a wand of polymorph (9) {unknown}
Comestibles
 f - 4 bread rations
 r - 3 meat rations
 s - a pear
 u - 2 chokos
 v - an apple
 C - a royal jelly
 I - a slice of pizza
 K - 9 grapes
Scrolls
 g - 9 scrolls of identify {unknown}
 l - 2 scrolls of magic mapping {unknown}
 n - a scroll of noise {unknown}
 o - 7 scrolls of remove curse
 p - 3 scrolls of immolation
 H - 2 scrolls of enchant weapon I {unknown}
 L - a scroll of recharging {unknown}
 O - 3 scrolls of teleportation {unknown}
 Q - 2 scrolls of amnesia {unknown}
 V - a scroll of enchant weapon II {unknown}
 W - 3 scrolls of enchant armour {unknown}
Jewellery
 k - a cursed +3 ring of intelligence (left hand)
 q - a cursed ring of poison resistance {unknown}
 A - a cursed ring of sustenance {unknown}
 M - a cursed +5 ring of intelligence
Potions
 c - 5 potions of confusion {unknown}
 e - 2 potions of magic {unknown}
 h - 9 potions of curing {unknown}
 i - a potion of heal wounds {unknown}
 m - a potion of agility {unknown}
 t - 2 potions of haste {unknown}
 z - a potion of berserk rage {unknown}
 B - a potion of flight {unknown}
 D - 2 potions of restore abilities {unknown}
 J - a potion of resistance {unknown}
 P - 2 potions of degeneration {unknown}
 R - a potion of poison {unknown}
 S - a potion of cure mutation {unknown}
 T - 2 potions of brilliance {unknown}
 U - a potion of mutation {unknown}
Books
 x - a book of Conjurations

   Spells                             Type                      Level
   Magic Dart                         Conjuration                  1
   Searing Ray                        Conjuration                  2
   Dazzling Spray                     Conjuration/Hexes            3
   Fulminant Prism                    Conjuration/Hexes            4
   Iskenderun's Mystic Blast          Conjuration                  4
   Iskenderun's Battlesphere          Conjuration/Charms           5
 F - a book of Annihilations {highlevel, unknown}

   This book is beyond your current level of understanding.

   Spells                             Type                      Level
   Poison Arrow                       Conjuration/Poison           6
   Chain Lightning                    Conjuration/Air              8
   Lehudib's Crystal Spear            Conjuration/Earth            8
   Glaciate                           Conjuration/Ice              9
   Fire Storm                         Conjuration/Fire             9


   Skills:
 + Level 3.8 Fighting
 + Level 11.5 Polearms
 - Level 2.0 Throwing
 + Level 5.5 Dodging


You had 7 spell levels left.
You didn't know any spells.

Dungeon Overview and Level Annotations

Branches:
Dungeon (5/15)             Temple (1/1) D:4

Altars:
Ashenzari
Cheibriados
Dithmenos
Elyvilon
Fedhas
Kikubaaqudgha
Makhleb
Nemelex Xobeh
Okawaru
Sif Muna
Trog
Vehumet
Xom
Yredelemnul
Zin
The Shining One


Message History

The ogre is moderately wounded.
The ogre hits you with a giant spiked club!
You hit the ogre.
The ogre is moderately wounded.
You hit the ogre.
The ogre is heavily wounded.
The ogre barely misses you.
You hit the ogre.
The ogre is heavily wounded.
You are starving!
You hit the ogre but do no damage.
The ogre is heavily wounded.
The ogre hits you with a giant spiked club!
You puncture the ogre!
The ogre is almost dead.
You hit the ogre but do no damage.
The ogre is almost dead.
The ogre hits you with a giant spiked club!
Ouch! That really hurt!
You die...

######### ##..<.<..##
##.........## #####
##...........###...##
#.............#..#..##
..............).##'..##
................##.##..#
........@......##...##.#
........O.......##.##..#
................###..##
.................#..####
.....................#..
......................#
.....................#
.....................
... ..............


You could see an ogre.

Vanquished Creatures
  An ice beast (D:5)
  A giant slug (Sewer)
  A giant frog (D:5)
  A hound (D:5)
  Crazy Yiuf (D:2)
  An orc wizard (D:4)
  4 worker ants
  Ijyb (D:5)
  A big kobold zombie (Ossuary)
  Terence (D:3)
  10 mummies (Ossuary)
  7 adders
  A green rat (D:3)
  4 gnolls (D:5)
  2 worms
  An adder zombie (D:5)
  2 orc zombies
  4 giant geckos
  3 oozes
  11 orcs
  6 ball pythons
  10 bats
  A bat skeleton (D:5)
  8 giant cockroaches
  6 goblins
  17 hobgoblins
  7 jackals
  A quokka (D:4)
  10 giant newts
  2 gnoll zombies (Ossuary)
  A goblin skeleton (D:4)
  A hobgoblin zombie (Ossuary)
  12 kobolds
  3 kobold zombies (Ossuary)
  A quokka skeleton (D:5)
  10 rats
  A fungus (D:2)
155 creatures vanquished.

Notes
Turn   | Place    | Note
--------------------------------------------------------------
     0 | D:1      | Qrupt, the Merfolk Gladiator, began the quest for the Orb.
     0 | D:1      | Reached XP level 1. HP: 16/16 MP: 1/1
   233 | D:1      | Reached skill level 5 in Polearms
   234 | D:1      | Reached XP level 2. HP: 15/22 MP: 2/2
   748 | D:1      | Found a sparkling altar of Nemelex Xobeh.
   917 | D:1      | Reached XP level 3. HP: 25/27 MP: 3/3
   984 | D:2      | Reached skill level 6 in Polearms
  1393 | D:2      | Reached skill level 7 in Polearms
  1393 | D:2      | Reached XP level 4. HP: 14/33 MP: 4/4
  1884 | D:2      | Noticed Crazy Yiuf
  1896 | D:2      | Killed Crazy Yiuf
  2029 | D:3      | Reached skill level 8 in Polearms
  2029 | D:3      | Reached XP level 5. HP: 35/38 MP: 5/5
  2714 | D:3      | Found a glowing drain.
  2745 | Sewer    | Entered a sewer
  2899 | Sewer    | Reached skill level 9 in Polearms
  2899 | Sewer    | Reached XP level 6. HP: 44/44 MP: 6/6
  3084 | D:3      | Noticed Terence
  3096 | D:3      | Killed Terence
  3202 | D:4      | Found a staircase to the Ecumenical Temple.
  3217 | Temple   | Entered the Ecumenical Temple
  3391 | Temple   | Became a worshipper of Makhleb the Destroyer
  3762 | D:4      | Reached skill level 10 in Polearms
  4305 | D:5      | Entered Level 5 of the Dungeon
  4371 | D:5      | Reached XP level 7. HP: 37/51 MP: 7/7
  4403 | D:5      | Acquired Makhleb's first power
  4622 | D:5      | Reached skill level 11 in Polearms
  4716 | D:5      | Reached skill level 5 in Dodging
  4729 | D:5      | Noticed Ijyb
  4743 | D:5      | Killed Ijyb
  4779 | D:5      | Found a sand-covered staircase.
  4784 | Ossuary  | Entered an ossuary
  4878 | Ossuary  | Acquired Makhleb's second power
  4954 | Ossuary  | Reached XP level 8. HP: 19/60 MP: 8/8
  5334 | D:5      | Slain by an ogre

Action                   |  1- 3 |  4- 6 |  7- 9 || total
-------------------------+-------+-------+-------++-------
Melee: Trident           |   106 |   296 |   213 ||   615
Throw: Throwing net      |       |     1 |     1 ||     2
  Use: Scroll            |       |     2 |       ||     2
 Stab: Sleeping          |     1 |     1 |       ||     2
       Held in net/web   |       |     1 |       ||     1
